[ PARTIDA AOE2 · #495293910 ]
UnrankedVietnamitas vs Vikings
Equipo del jugador · DERR
Equipo rival · VICT
[ ANÁLISIS DE REPETICIÓN · EXTRAÍDO DE LA PARTIDA GRABADA ]
Feudal
8:55
Castillos
—
Imperial
—
| APM promedio | 78.7 |
| APM pico | 122 |
| eAPM promedio | 27.6 |
| Aldeanos / militares | 31 / 7 |
Foco
⚔️ 48.1% · 🌾 51.9%
Skirmisher ×6 · Archer ×1
Feudal
9:19
Castillos
—
Imperial
—
| APM promedio | 49.0 |
| APM pico | 92 |
| eAPM promedio | 17.4 |
| Aldeanos / militares | 28 / 8 |
Foco
⚔️ 27.9% · 🌾 72.1%
Militia ×5 · Archer ×3
Mapa de la partida
Recursos iniciales + cada clic de construcción. Líneas = muros · curvas = relieve. ◆ oro · ⬟ piedra · ● bayas · ✦ reliquia · ◌ hueco del cierre
Tu base· Abierta — flanco sin cerrar
Base de Sain· Abierta — hueco de 5t
Terreno inicial suavizado · ◌ = hueco del cierre detectado · pasá el cursor para detalles
Inputs por minuto
— DS_VARVAGOD - - Sain
Build order — DS_VARVAGOD
69 acciones detectadas en el replay
| 0:00 | Crear | Villager (Male) |
| 0:01 | Crear | Villager (Male) |
| 0:01 | Construir | House |
| 0:02 | Construir | House |
| 0:08 | Crear | Villager (Male) |
| 0:09 | Crear | Villager (Male) |
| 1:23 | Crear | Villager (Male) |
| 1:23 | Crear | Villager (Male) |
| 1:47 | Construir | Lumber Camp |
| 2:07 | Crear | Villager (Male) |
| 2:08 | Crear | Villager (Male) |
| 2:56 | Crear | Villager (Male) |
| 3:19 | Crear | Villager (Male) |
| 3:50 | Crear | Villager (Male) |
| 3:50 | Crear | Villager (Male) |
| 3:52 | Construir | House |
| 3:54 | Crear | Villager (Male) |
| 4:11 | Crear | Villager (Male) |
| 4:47 | Crear | Villager (Male) |
| 4:52 | Construir | Mill |
| 5:03 | Crear | Villager (Male) |
| 5:25 | Crear | Villager (Male) |
| 6:10 | Investigar | Loom |
| 6:39 | Investigar | Feudal Age |
| 7:20 | Crear | Villager (Male) |
| 8:06 | Construir | Barracks |
| 8:13 | Construir | House |
| 8:16 | Crear | Villager (Male) |
| 8:55 | Edad | Edad Feudal |
| 9:02 | Crear | Villager (Male) |
| 9:09 | Construir | Archery Range |
| 9:30 | Crear | Villager (Male) |
| 9:41 | Construir | House |
| 9:44 | Crear | Villager (Male) |
| 9:44 | Crear | Villager (Male) |
| 9:47 | Crear | Villager (Male) |
| 9:51 | Construir | Mill |
| 9:56 | Crear | Villager (Male) |
| 9:57 | Crear | Skirmisher |
| 10:00 | Construir | Palisade Wall |
| 10:04 | Construir | Palisade Wall |
| 10:08 | Crear | Villager (Male) |
| 10:10 | Crear | Villager (Male) |
| 10:11 | Crear | Archer |
| 10:12 | Crear | Skirmisher |
| 10:29 | Construir | Palisade Wall |
| 10:31 | Construir | Palisade Wall |
| 10:34 | Construir | Palisade Wall |
| 10:35 | Construir | Palisade Wall |
| 10:45 | Crear | Skirmisher |
| 10:58 | Construir | Palisade Wall |
| 10:59 | Construir | Palisade Wall |
| 11:03 | Crear | Skirmisher |
| 11:10 | Investigar | Horse Collar |
| 11:14 | Construir | Farm |
| 11:15 | Construir | Farm |
| 11:23 | Crear | Villager (Male) |
| 11:30 | Construir | Farm |
| 11:33 | Crear | Villager (Male) |
| 11:37 | Crear | Skirmisher |
| 11:55 | Construir | House |
| 12:01 | Investigar | Town Watch |
| 12:06 | Crear | Villager (Male) |
| 12:11 | Construir | Farm |
| 12:13 | Crear | Skirmisher |
| 12:31 | Construir | Palisade Gate |
| 12:52 | Construir | Palisade Wall |
| 12:59 | Crear | Villager (Male) |
| 13:01 | Construir | Farm |
Build order — Sain
62 acciones detectadas en el replay
| 0:00 | Crear | Villager (Male) ×4 |
| 0:01 | Construir | House |
| 0:02 | Construir | House |
| 1:27 | Crear | Villager (Male) |
| 1:27 | Crear | Villager (Male) |
| 1:50 | Construir | Lumber Camp |
| 2:01 | Crear | Villager (Male) |
| 2:21 | Crear | Villager (Male) |
| 2:21 | Crear | Villager (Male) |
| 2:48 | Crear | Villager (Male) |
| 3:10 | Crear | Villager (Male) |
| 3:40 | Crear | Villager (Male) |
| 3:49 | Construir | House |
| 4:06 | Crear | Villager (Male) |
| 4:06 | Crear | Villager (Male) |
| 4:40 | Crear | Villager (Male) |
| 4:47 | Construir | Barracks |
| 5:14 | Crear | Villager (Male) |
| 5:20 | Construir | House |
| 5:22 | Crear | Villager (Male) |
| 6:08 | Crear | Villager (Male) |
| 6:19 | Investigar | Loom |
| 7:09 | Investigar | Feudal Age |
| 7:41 | Crear | Militia |
| 7:42 | Crear | Militia |
| 7:42 | Crear | Militia |
| 7:49 | Construir | Mining Camp |
| 8:10 | Construir | Mill |
| 8:21 | Construir | House |
| 8:23 | Construir | Palisade Wall |
| 8:24 | Crear | Villager (Male) |
| 8:45 | Crear | Militia |
| 8:53 | Construir | Farm |
| 8:54 | Construir | Farm |
| 9:13 | Crear | Villager (Male) |
| 9:19 | Edad | Edad Feudal |
| 9:41 | Crear | Militia |
| 9:43 | Investigar | Man-at-Arms (upgrade) |
| 9:47 | Construir | Farm |
| 10:05 | Crear | Villager (Male) |
| 10:30 | Construir | Archery Range |
| 10:42 | Crear | Villager (Male) |
| 10:43 | Crear | Villager (Male) |
| 10:45 | Construir | Farm |
| 10:52 | Construir | House |
| 11:04 | Construir | House |
| 11:05 | Construir | Palisade Wall |
| 11:05 | Construir | Palisade Wall |
| 11:06 | Construir | Palisade Wall |
| 11:07 | Construir | Palisade Wall |
| 11:14 | Crear | Villager (Male) |
| 11:16 | Construir | Farm |
| 11:24 | Crear | Archer |
| 11:47 | Crear | Villager (Male) |
| 12:02 | Crear | Villager (Male) |
| 12:03 | Crear | Archer |
| 12:27 | Construir | Blacksmith |
| 12:47 | Crear | Archer |
| 12:47 | Crear | Villager (Male) |
| 12:56 | Construir | House |
| 12:57 | Construir | Palisade Wall |
| 13:05 | Crear | Villager (Male) |
Cronología de la partida
| 4:47 | Sain · first_building Barracks |
| 8:06 | DS_VARVAGOD · first_building Barracks |
| 8:23 | Sain · wall_segment Palisade Wall x7 |
| 8:55 | DS_VARVAGOD · age_up feudal |
| 9:09 | DS_VARVAGOD · first_building Archery Range |
| 9:19 | Sain · age_up feudal |
| 10:00 | DS_VARVAGOD · wall_segment Palisade Wall x5 |
| 10:04 | DS_VARVAGOD · wall_segment Palisade Wall x3 |
| 10:29 | DS_VARVAGOD · wall_segment Palisade Wall x1 |
| 10:30 | Sain · first_building Archery Range |
| 10:31 | DS_VARVAGOD · wall_segment Palisade Wall x1 |
| 10:34 | DS_VARVAGOD · wall_segment Palisade Wall x1 |
| 10:35 | DS_VARVAGOD · wall_segment Palisade Wall x1 |
| 10:58 | DS_VARVAGOD · wall_segment Palisade Wall x7 |
| 10:59 | DS_VARVAGOD · wall_segment Palisade Wall x2 |
| 11:05 | Sain · wall_segment Palisade Wall x1 |
| 11:05 | Sain · wall_segment Palisade Wall x1 |
| 11:06 | Sain · wall_segment Palisade Wall x1 |
| 11:07 | Sain · wall_segment Palisade Wall x1 |
| 12:52 | DS_VARVAGOD · wall_segment Palisade Wall x1 |
| 12:57 | Sain · wall_segment Palisade Wall x2 |
| 13:14 | DS_VARVAGOD · resign |
[ ANÁLISIS IA · 1 CRÉDITO ]
¿Qué pasó realmente en esta partida?
Wolo.gg analiza cada decisión: build order, eco, micro, errores típicos por bracket. Análisis personalizado por WhatsApp o Discord en 30 segundos.
Guía civ
Vietnamitas
Perfil
DS_Santi